Match 25394680
Unlisted

Match 25394680
End
Construct Infanterie Kompanie
Selects Luftwaffe Battlegroup
Selects Luftwaffe Pioneer Support
Fallschirmpioneer Squad Paradrop
MG 42 Machine Gun Team
Fallschirmpioneer Squad Paradrop
Selects Stuka Strafing Run
Grenadier Squad
Construct Luftwaffe Kompanie
Selects Fallschirmjäger Squad Paradrop
Fallschirmjäger Squad Paradrop
Stuka Strafing Run
Support Elements
Selects Fragmentation Bombs
Jäger Squad
Stuka Strafing Run
Selects LG40 Recoilless Gun Paradrop
Wirbelwind Flakpanzer
Stuka Strafing Run
Selects Flak 36 Anti-tank Gun Emplacement
Marder III M Tank Destroyer
Fallschirmjäger Squad Paradrop
Stuka Strafing Run
Marder III M Tank Destroyer
Marder III M Tank Destroyer
Jäger Squad
Fragmentation Bombs
Construct Infanterie Kompanie
Bald Pinko
DRSCHACN
rockkiller31
mntahoe
DookulDeen
TidaL
0
0

Comments sign in to comment!

No comments posted yet!